 Dungeon Crawl Stone Soup version 0.23-a0-180-ga5275e7 (webtiles) character file.

628 Amnesiac the Skirmisher (level 7, -6/56 HPs)
             Began as a Mummy Monk on Sept 18, 2018.
             Was a Priest of Ru.
             Mangled by an orc warrior
             ... wielding a +0 halberd
              (22 damage)
             ... on level 5 of the Dungeon.
             The game lasted 00:07:32 (4295 turns).

Amnesiac the Skirmisher (Mummy Monk)                Turns: 4295, Time: 00:07:33

Health: -6/56      AC: 10    Str: 15    XL:     7   Next: 23%
Magic:  7/7        EV:  2    Int: 11    God:    Ru [***...]
Gold:   328        SH:  9    Dex: 14    Spells: 6/6 levels left

rFire    x . .     SeeInvis .   a - +2 short sword (venom)
rCold    + . .     Gourm    .   g - +2 shield
rNeg     + + +     Faith    .   e - +0 plate armour
rPois    ∞         Spirit   .   (no helmet)
rElec    .         Reflect  .   (no cloak)
rCorr    .         Harm     .   (no gloves)
MR       .....                  (no boots)
Stlth    ..........             (no amulet)
HPRegen  0.18/turn              (no ring)
MPRegen  0.10/turn              (no ring)

@: exhausted, drained
A: no food or potions, fire vulnerability, cold resistance 1, negative energy
resistance 3, torment resistance, unbreathing, no charms magic, no hexes magic,
no ice magic, inexperienced 1
a: Draw Out Power, Renounce Religion


You were on level 5 of the Dungeon.
You worshipped Ru.
Ru was most pleased with you.
You were not hungry.

You visited 1 branch of the dungeon, and saw 6 of its levels.

You collected 328 gold pieces.

Inventory:

Hand Weapons
 a - a +2 short sword of venom (weapon)
 b - a +0 short sword of draining
Armour
 e - a +0 plate armour (worn)
 g - a +2 shield (worn)
Scrolls
 c - a scroll of amnesia {!r}
 d - 3 scrolls of identify {!r}
 f - a scroll of fear {!r}
 h - 2 scrolls of teleportation {!r}
 i - 2 scrolls of fog {!r}
 j - a scroll of enchant armour {!r, unknown}
 k - 2 scrolls of blinking {!r}


   Skills:
 - Level 5.0(4.6) Fighting
 * Level 3.4(3.1) Short Blades
   Level 2.4(2.1) Polearms
 + Level 4.3(4.0) Dodging
 - Level 3.5(3.2) Stealth


You had 6 spell levels left.
You didn't know any spells.
Your spell library contained the following spells:

 Spells                   Type           Power        Failure   Level  Hunger
 Sticks to Snakes         Tmut           #.......     100%        2    N/A
 Beastly Appendage        Tmut           Unusable     N/A         1    N/A
 Corona                   Hex            Unusable     N/A         1    N/A
 Ensorcelled Hibernation  Hex/Ice        Unusable     N/A         2    N/A
 Confuse                  Hex            Unusable     N/A         3    N/A
 Dazzling Spray           Conj/Hex       Unusable     N/A         3    N/A
 Spider Form              Tmut/Pois      Unusable     N/A         3    N/A
 Tukima's Dance           Hex            Unusable     N/A         3    N/A
 Ice Form                 Ice/Tmut       Unusable     N/A         4    N/A
 Blade Hands              Tmut           Unusable     N/A         5    N/A

Dungeon Overview and Level Annotations

Branches:
Dungeon (6/15)             Temple (0/1) D:5

Altars:
Ru
Wu Jian
Zin

Shops:
D:3 *


Innate Abilities, Weirdness & Mutations

You do not eat or drink.
Your flesh is vulnerable to fire.
You are immune to poison.
Your flesh is cold resistant. (rC+)
You are immune to negative energy. (rN+++)
You are immune to unholy pain and torment.
You can survive without breathing.
You cannot study or cast Charms magic.
You cannot study or cast Hexes magic.
You cannot study or cast Ice magic.
You are somewhat inexperienced. (-2 XL)


Message History

You drop a +1 leather armour of cold resistance.
Done exploring.
Done exploring.
You climb upwards.
There is a stone staircase leading down here.
Key pressed, stopping travel.
Unknown command.
You climb downwards.
There is a stone staircase leading up here.
You see here a +1 leather armour of cold resistance.
There is a stone staircase leading down here.
You climb downwards.
A quokka comes into view.
The quokka bites you but does no damage. x2
Found 15 gold pieces.
There is a stone staircase leading up here.
A quokka is nearby!
You hit the quokka.
The quokka is severely wounded.
The quokka bites you.
You hit the quokka.
You kill the quokka!
No target in view!
No target in view!
No target in view!
HP restored.
Found a potion of curing.
Found 6 tomahawks.
An orc comes into view. It is wielding a flail.
The orc moves out of view.
An orc warrior comes into view. It is wielding a halberd.
The orc warrior shouts!
A worker ant comes into view.
The orc warrior moves out of view.
An orc comes into view. It is wielding a whip.
The worker ant twitches its antennae in your direction.
Found a stone staircase leading down.
Found a scroll of remove curse.
You see here 15 gold pieces.
You now have 328 gold pieces (gained 15).
A bullfrog zombie comes into view.
The orc warrior hits you from afar with a halberd!
An orc comes into view. It is wielding a flail.
There is a stone staircase leading up here.
You aren't carrying any items that you can evoke.
Unknown command.
You see here a quokka corpse.
The orc warrior hits you with a halberd!
There is a stone staircase leading up here.
You climb upwards.
There is a stone staircase leading down here.
You hit the orc warrior but do no damage.
The orc warrior hits you with a halberd!
* * * LOW HITPOINT WARNING * * *
You hit the orc warrior but do no damage.
The orc warrior is poisoned.
The orc warrior hits you with a halberd!
* * * LOW HITPOINT WARNING * * *
You are restored by drawing out deep reserves of power within.
You feel drained.
The orc warrior hits you with a halberd!
* * * LOW HITPOINT WARNING * * *
The orc warrior hits you from afar with a halberd!!
You die...

####..####..#.................#
#........######..#######.###.##
#.######.# #...............#
#...##.#.# #..#######.#.#.##
###.##.### #..#...<.#.#.#.#
#...##...######..#.#####.#.#.#
#.######.#....#.o#.........#.#
#...[....#....'.>#..####...#.#
####..####....#.@#..# #...#.#
####..#.......#..#..# #...#.##
...#..#.......#..#..####...#..#
##............#........#...#.##
#####+#####+###.#...#.#...#.##
#.# #.# #.#.#.#.#......#
#.#####.###(#.#.#.##.##.##
#.........#.#.#.#.##.##.#
#...........#.#.#.##.##.#


You could see an orc warrior.

Vanquished Creatures
  A phantom (D:4)
  A bullfrog (D:4)
  A scorpion (D:4)
  A howler monkey (D:5)
  A crimson imp (D:5)
  4 orc priests (D:4)
  3 orc wizards (D:4)
  A worker ant (D:4)
  6 adders
  3 gnolls (D:2)
  4 oozes (D:1)
  2 adder skeletons
  6 worms
  2 dart slugs
  A leopard gecko (D:2)
  28 orcs
  2 ball pythons (D:4)
  4 giant cockroaches
  8 hobgoblins
  8 jackals
  2 quokkas
  10 bats
  A frilled lizard (D:1)
  6 goblins
  11 kobolds
  17 rats
134 creatures vanquished.

Notes
Turn   | Place    | Note
-------+----------+-------------------------------------------
     0 | D:1      | Amnesiac the Mummy Monk began the quest for the Orb.
     0 | D:1      | Reached XP level 1. HP: 18/18 MP: 1/1
     1 | D:1      | Found a runed door.
    70 | D:2      | Reached XP level 2. HP: 12/24 MP: 2/2
   188 | D:3      | Reached XP level 3. HP: 6/29 MP: 3/3
   881 | D:4      | Reached XP level 4. HP: 20/37 MP: 4/4
  1012 | D:4      | Found a sacrificial altar of Ru.
  1019 | D:4      | Became a worshipper of Ru the Awakened
  1041 | D:4      | Reached skill level 4 in Fighting
  1095 | D:4      | Gained mutation: You are somewhat inexperienced. (-2 XL)
                  | [Ru sacrifice]
  1095 | D:4      | Reached XP level 3. HP: 24/30 MP: 3/3
  1095 | D:4      | Reached XP level 2. HP: 24/25 MP: 2/2
  1095 | D:4      | Reached * piety under Ru
  1095 | D:4      | Reached ** piety under Ru
  1103 | D:4      | Reached XP level 3. HP: 30/30 MP: 3/3
  1268 | D:1      | Reached XP level 4. HP: 37/37 MP: 4/4
  2034 | D:2      | Reached XP level 5. HP: 43/43 MP: 5/5
  2204 | D:2      | Found an ornate altar of the Wu Jian Council.
  2382 | D:3      | Found Zin's Purification Station.
  2385 | D:3      | Found a glowing silver altar of Zin.
  2404 | D:3      | Gained mutation: You cannot study or cast Ice magic. [Ru
                  | sacrifice]
  2404 | D:3      | Gained mutation: You cannot study or cast Hexes magic. [Ru
                  | sacrifice]
  2404 | D:3      | Gained mutation: You cannot study or cast Charms magic. [Ru
                  | sacrifice]
  2404 | D:3      | Reached *** piety under Ru
  2863 | D:4      | Noticed a phantom
  2892 | D:4      | Killed a phantom
  2892 | D:4      | Reached skill level 1 in Short Blades
  2892 | D:4      | Reached XP level 6. HP: 21/50 MP: 6/6
  3111 | D:4      | Reached skill level 5 in Fighting
  3360 | D:4      | Reached XP level 7. HP: 43/56 MP: 7/7
  3439 | D:5      | Entered Level 5 of the Dungeon
  3477 | D:5      | Found a staircase to the Ecumenical Temple.
  4295 | D:5      | Mangled by an orc warrior

Vault maps used:
D:1:      dpeg_arrival_caged_fury, nrook_mini_vaults, minmay_crystal_water
D:2:      marbit_many_paths
D:3:      zin_purify, minmay_misc_feat_hallway
D:4:      nicolae_ru_great_annihilating_truth
D:5:      temple_doors_e, first_ration, bh_walls_and_bars
D:6:      eino_small_chamber_without_monster, minivault_23

Skill      XL: |  1  2  3  4  5  6 |
---------------+-------------------+-----
Stealth        | 2 3 |  3.5
Dodging        | 3 4 |  4.3
Fighting       | 4 5 |  5.0
Short Blades   | 1 3 |  3.4
Polearms       | |  2.4

Action                   |  1- 3 |  4- 6 |  7- 9 || total
-------------------------+-------+-------+-------++-------
Melee: Spear             |     9 |       |       ||     9
       Short sword       |   102 |   267 |    66 ||   435
Invok: Sacrifice Experie |     1 |       |       ||     1
       Sacrifice Arcana  |       |     1 |       ||     1
       Draw Out Power    |       |       |     1 ||     1
  Use: Scroll            |       |     2 |     8 ||    10
 Stab: Invisible         |       |     1 |       ||     1
       Paralysed         |       |     1 |       ||     1
Armor: Robe              |     5 |       |       ||     5
       Plate armour      |    64 |   130 |    35 ||   229
Dodge: Dodged            |    20 |     7 |     2 ||    29
Block: Shield            |    17 |    96 |    28 ||   141

Table legend:
 A = Non-vault XP
 B = Vault XP
 C = Vault XP percentage of total XP
 D = Non-vault monster count
 E = Vault monster count
 F = Vault count percentage of total count
                 A         B        C        D         E       F
            +---------+---------+-------+---------+---------+-------
      Total |     987 |      59 |   5.6 |     113 |      20 |  15.0
            +---------+---------+-------+---------+---------+-------
        D:1 |      34 |      51 |  60.0 |      22 |      15 |  40.5
        D:2 |     106 |       1 |   0.9 |      25 |       1 |   3.8
        D:3 |      75 |       0 |   0.0 |      22 |       0 |   0.0
        D:4 |     633 |       7 |   1.1 |      28 |       4 |  12.5
        D:5 |     137 |       0 |   0.0 |      15 |       0 |   0.0
        D:6 |       2 |       0 |   0.0 |       1 |       0 |   0.0
            +---------+---------+-------+---------+---------+-------
